 Dungeon Crawl Stone Soup version 0.25-a0-458-g6fc7858b95 (webtiles) character file.

Game seed: 4759526233696609497, levelgen mode: deterministic

6804 Froggeryz the Severer (level 10, -3/78 (79) HPs)
             Began as a Minotaur Fire Elementalist on Feb 2, 2020.
             Was a Priest of Okawaru.
             Slain by an orc warrior
             ... wielding a +1 vorpal trident
              (5 damage)
             ... on level 9 of the Dungeon.
             The game lasted 00:17:45 (11291 turns).

Froggeryz the Severer (Minotaur Fire Elementalist) Turns: 11291, Time: 00:17:46

HP:   -3/78 (79)    AC:  8    Str: 17    XL:     10   Next: 77%
MP:   11/11         EV: 11    Int: 12    God:    Okawaru [***...]
Gold: 521           SH:  0    Dex: 10    Spells: 10/11 levels left

rFire    . . .     SeeInvis .   I - +1 broad axe (flame)
rCold    . . .     Gourm    +   (no shield)
rNeg     . . .     Faith    .   J - +0 acid dragon scales
rPois    .         Spirit   .   (helmet restricted)
rElec    .         Reflect  .   (no cloak)
rCorr    +         Harm     .   t - +0 pair of gloves (curse)
MR       +....                  (no boots)
Stlth    +.........             i - amulet of the gourmand
HPRegen  0.23/turn              e - ring of protection from magic
MPRegen  0.12/turn              (no ring)

@: no status effects
A: retaliatory headbutt, horns 2
a: Heroism, Renounce Religion


You were on level 9 of the Dungeon.
You worshipped Okawaru.
Okawaru was most pleased with you.
You were full.

You visited 2 branches of the dungeon, and saw 10 of its levels.
You also visited: Ossuary.

You collected 521 gold pieces.

Inventory:

Hand Weapons
 a - a +2 flail of venom
 o - a +0 hand axe
 I - a +1 broad axe of flaming (weapon)
 M - the +5 halberd of Growth {vorpal, rC+ MP+9 Dex-4}
   (You found it on level 6 of the Dungeon)

   It inflicts extra damage upon your enemies.
   It affects your dexterity (-4).
   It protects you from cold.
   It affects your magic capacity (+9).
Missiles
 g - 6 curare-tipped darts
 l - 32 sling bullets
 m - 3 atropa-tipped darts
 A - 30 poisoned darts (quivered)
 O - 2 throwing nets
Armour
 t - a cursed +0 pair of gloves (worn)
 J - +0 acid dragon scales (worn)
 N - a +3 scale mail of positive energy
Jewellery
 e - a ring of protection from magic (left hand)
 i - an amulet of the gourmand (around neck)
Wands
 b - a wand of paralysis (3)
 B - a wand of acid (5)
 C - a wand of flame (11)
 H - a wand of random effects (12)
Scrolls
 d - 3 scrolls of identify
 h - 4 scrolls of teleportation {unknown}
 n - 4 scrolls of remove curse {unknown}
 p - a scroll of fog {unknown}
 u - 3 scrolls of amnesia {unknown}
 v - a scroll of blinking {unknown}
 x - 2 scrolls of enchant weapon {unknown}
 y - 2 scrolls of immolation {unknown}
 E - a scroll of vulnerability {unknown}
 G - a scroll of noise {unknown}
 K - a scroll of fear {unknown}
Potions
 f - a potion of lignification {unknown}
 j - 4 potions of berserk rage
 k - 2 potions of brilliance {unknown}
 q - a potion of haste
 r - a potion of magic
 s - 2 potions of mutation
 w - 2 potions of heal wounds
 z - 2 potions of agility {unknown}
 D - a potion of cancellation {unknown}
 F - a potion of curing
 L - a potion of flight {unknown}
Comestibles
 c - 19 rations


   Skills:
 - Level 4.3 Fighting
 * Level 17.0 Axes
 - Level 4.0 Armour
 - Level 2.1 Dodging
 - Level 1.5 Stealth
 - Level 2.6 Unarmed Combat
 - Level 1.3 Spellcasting
 - Level 0.6 Conjurations
 - Level 2.1 Fire Magic


You had 10 spell levels left.
You knew the following spells:

 Your Spells              Type           Power        Failure   Level  Hunger
a - Foxfire               Conj/Fire      #...         22%         1    ##.....

Your spell library contained the following spells:

 Spells                   Type           Power        Failure   Level  Hunger
 Beastly Appendage        Tmut           #.....       36%         1    ##.....
 Sticks to Snakes         Tmut           #.......     50%         2    ###....
 Conjure Flame            Conj/Fire      #.......     54%         3    ####...
 Inner Flame              Hex/Fire       #.......     58%         3    ####...
 Spider Form              Tmut/Pois      #.........   75%         3    ####...
 Sticky Flame             Conj/Fire      #.......     91%         4    #####..
 Ice Form                 Ice/Tmut       #.......     98%         4    #####..
 Fireball                 Conj/Fire      #.........   99%         5    ######.
 Blade Hands              Tmut           #.........   100%        5    ######.


Dungeon Overview and Level Annotations

Branches:
Dungeon (9/15)             Temple (1/1) D:5         Ossuary (visited)
   Lair: D:8-11         Orc: D:9-12

Altars:
Ashenzari
Dithmenos
Elyvilon
Fedhas
Hepliaklqana
Kikubaaqudgha
Makhleb
Nemelex Xobeh
Okawaru
Qazlal
Ru
Sif Muna
Trog
Uskayaw
Vehumet
Wu Jian
Xom
Yredelemnul
Zin
The Shining One


Innate Abilities, Weirdness & Mutations

You reflexively headbutt those who attack you in melee.
You have a pair of horns on your head.


Message History

You closely miss the orc warrior.
You headbutt the orc warrior, but do no damage.
The orc warrior is severely wounded.
You barely miss the orc warrior.
The orc warrior is severely wounded.
The orc warrior misses you.
You closely miss the orc warrior.
The orc warrior is severely wounded.
The orc warrior hits you with a +1 vorpal trident!!
* * * LOW HITPOINT WARNING * * *
x2 You closely miss the orc warrior.
The orc warrior is severely wounded.
You hit the orc warrior but do no damage.
The orc warrior is severely wounded.
The orc warrior hits you with a +1 vorpal trident!
* * * LOW HITPOINT WARNING * * *
x2 You closely miss the orc warrior.
The orc warrior is severely wounded.
The orc warrior hits you with a +1 vorpal trident.
You die...

#..# #..# #..# #
#.<# .# #..#
#.## #..# #...##
#..######.....##
#......#)o.....#
######..@)._....
###.......#
##.....## #...##
#.## ... ###


You could see an orc warrior.

Vanquished Creatures
  Harold (D:8)
  Erica (D:8)
  Pikel (D:6)
  Maggie (D:6)
  Eustachio (D:6)
  A hungry ghost (D:7)
  The ghost of paps the Ducker, an amateur TrFi (D:3)
  2 sky beasts
  A slave (D:7)
  An ice beast (D:8)
  An orc warrior (D:6)
  A phantom (D:7)
  A necrophage (D:8)
  9 ogres
  5 centaurs
  Blork the orc (D:6)
  2 bullfrogs
  A wyvern skeleton (D:9)
  9 scorpions
  3 killer bees (D:8)
  4 wights (D:6)
  2 crimson imps
  3 howler monkeys (D:7)
  3 centaur zombies
  2 bullfrog zombies
  A bullfrog skeleton (D:5)
  A hound (D:5)
  3 human zombies (Ossuary)
  7 orc priests
  2 jellies
  8 orc wizards
  A centaur skeleton (D:8)
  4 iguanas (D:6)
  4 worker ants
  A big kobold zombie (Ossuary)
  A hound skeleton (D:5)
  4 mummies
  A howler monkey skeleton (D:8)
  8 gnolls
  4 scorpion zombies (Ossuary)
  17 adders
  4 shadow imps
  An ooze (D:4)
  5 worms
  3 dart slugs
  7 leopard geckos
  37 orcs
  8 bats
  3 giant cockroaches
  16 goblins
  9 hobgoblins
  11 jackals
  4 kobolds
  6 quokkas
  6 ball pythons
  8 frilled lizards
  3 gnoll zombies (Ossuary)
  2 goblin zombies (Ossuary)
  A kobold zombie (Ossuary)
  A leopard gecko zombie (D:6)
  An orc zombie (Ossuary)
  A quokka skeleton (D:4)
  4 rats
266 creatures vanquished.

Vanquished Creatures (others)
  A scorpion (Ossuary)
  A bullfrog zombie (D:7)
  An orc priest (D:7)
  A leopard gecko (D:7)
  An orc (D:7)
  A goblin zombie (Ossuary)
  A foxfire (D:2)
7 creatures vanquished.

Grand Total: 273 creatures vanquished

Notes
Turn   | Place    | Note
-------+----------+-------------------------------------------
     0 | D:1      | Froggeryz the Minotaur Fire Elementalist began the quest
                  | for the Orb.
     0 | D:1      | Reached XP level 1. HP: 14/14 MP: 1/1
   185 | D:1      | Reached skill level 1 in Fighting
   267 | D:1      | Reached XP level 2. HP: 19/24 MP: 3/3
   298 | D:1      | Reached skill level 1 in Unarmed Combat
  1019 | D:1      | Reached XP level 3. HP: 30/30 MP: 4/4
  1538 | D:2      | Found a sacrificial altar of Ru.
  1572 | D:2      | Reached XP level 4. HP: 40/40 MP: 5/5
  2140 | D:2      | Found a basalt altar of Yredelemnul.
  2142 | D:2      | Found a sparkling altar of Nemelex Xobeh.
  2551 | D:3      | Reached skill level 1 in Axes
  2570 | D:3      | Reached skill level 2 in Axes
  2570 | D:3      | Reached XP level 5. HP: 7/46 MP: 6/6
  2847 | D:3      | Noticed paps's ghost (amateur TrFi)
  2861 | D:3      | Found a runed translucent gate.
  2861 | D:3      | Found a runed translucent gate.
  2861 | D:3      | Found a runed translucent gate.
  2873 | D:3      | Reached skill level 3 in Axes
  3062 | D:3      | Reached skill level 4 in Axes
  3321 | D:3      | Reached XP level 6. HP: 40/52 MP: 7/7
  3323 | D:3      | Killed paps's ghost
  3323 | D:3      | Reached skill level 5 in Axes
  3562 | D:4      | Reached skill level 6 in Axes
  3610 | D:4      | HP: 2/52 [bullfrog zombie (3)]
  3615 | D:4      | Reached XP level 7. HP: 28/59 MP: 8/8
  3772 | D:4      | Reached skill level 7 in Axes
  3991 | D:4      | Found a sand-covered staircase.
  4006 | Ossuary  | Entered an ossuary
  4142 | Ossuary  | Reached skill level 8 in Axes
  4498 | Ossuary  | Reached skill level 9 in Axes
  4915 | Ossuary  | Reached XP level 8. HP: 52/66 MP: 9/9
  5051 | Ossuary  | Reached skill level 10 in Axes
  6143 | D:4      | Reached skill level 1 in Armour
  6203 | D:5      | Entered Level 5 of the Dungeon
  6225 | D:5      | Reached skill level 11 in Axes
  6250 | D:5      | Found a radiant altar of Vehumet.
  6623 | D:5      | Found a burning altar of Makhleb.
  7000 | D:5      | Found a staircase to the Ecumenical Temple.
  7015 | Temple   | Entered the Ecumenical Temple
  7189 | D:6      | Noticed Eustachio
  7572 | D:6      | Reached XP level 9. HP: 71/71 MP: 10/10
  7628 | D:6      | Reached skill level 12 in Axes
  7686 | D:6      | Killed Eustachio
  8574 | D:6      | Found an iron altar of Okawaru.
  8590 | D:6      | Became a worshipper of Warmaster Okawaru
  8621 | D:6      | Noticed Maggie
  8634 | D:6      | Killed Maggie
  8634 | D:6      | Reached skill level 13 in Axes
  8699 | D:6      | Noticed Blork the orc
  8708 | D:6      | Killed Blork the orc
  8867 | D:6      | Got a bloodstained halberd
  8868 | D:6      | Identified the +5 halberd of Growth {vorpal, rC+ MP+9
                  | Dex-4} (You found it on level 6 of the Dungeon)
  9256 | D:6      | Found a glowing silver altar of Zin.
  9312 | D:7      | Noticed Pikel
  9340 | D:6      | Killed Pikel
  9340 | D:6      | Reached * piety under Okawaru
  9340 | D:6      | Reached skill level 14 in Axes
  9630 | D:7      | Reached XP level 10. HP: 65/79 MP: 11/11
  9716 | D:7      | Found a glowing golden altar of the Shining One.
  9759 | D:7      | Reached skill level 15 in Axes
 10217 | D:8      | Reached ** piety under Okawaru
 10588 | D:8      | Noticed Erica
 10604 | D:8      | Killed Erica
 10604 | D:8      | Reached skill level 16 in Axes
 10799 | D:8      | Paralysed by a centaur for 2 turns
 10867 | D:8      | Found a hazy altar of Hepliaklqana.
 10869 | D:8      | Noticed Harold
 10879 | D:8      | Killed Harold
 10879 | D:8      | Reached *** piety under Okawaru
 11268 | D:9      | Found a shimmering blue altar of Sif Muna.
 11274 | D:9      | Reached skill level 17 in Axes
 11290 | D:9      | HP: 3/78 [orc warrior/+1 vorpal trident (11)]
 11291 | D:9      | Slain by an orc warrior

Levels and vault maps discovered:
D:1:      dpeg_arrival_pits, layout_loops_ring
D:2:      layout_basic, nicolae_ru_awakened_eye, nicolae_overflow_hidden_temple,
          minmay_bisected
D:3:      layout_rooms, gammafunk_ghost_split, first_ration,
          hangedman_abyss_or_decor_lesser_grid
D:4:      layout_loops_cross, gup_ossuary_entry_pyramid
D:5:      layout_rooms, lemuel_crystal_altar, vehumet_crystals,
          minmay_temple_entry_drinking_statues
D:6:      layout_basic, lemuel_coloured_pillars_altar,
          kennysheep_okawaru_gauntlet, uniq_maggie, uniq_blork_the_orc,
          uniq_eustachio
D:7:      layout_loops_ring, old_standard_altar, uniq_pikel
D:8:      layout_rooms, lemuel_round_altar, uniq_harold, uniq_erica
D:9:      layout_loops_ring, lemuel_round_altar, old_standard_altar,
          grunt_gozag_breadcrumbs, david_lair_shrubbed, basic_altar
Temple:   cyrus_temple_forest

Skill      XL: |  1  2  3  4  5  6  7  8  9 10 |
---------------+-------------------------------+-----
Fighting       | 1 2 3 4 |  4.3
Unarmed Combat | 1 2 |  2.6
Axes           | 2 4 6 9 11 14 17 | 17.0
Armour         | 3 4 |  4.0
Dodging        | |  2.1
Stealth        | |  1.5
Spellcasting   | |  1.3
Conjurations   | |  0.6
Fire Magic     | |  2.1

Action                   |  1- 3 |  4- 6 |  7- 9 | 10-12 || total
-------------------------+-------+-------+-------+-------++-------
Melee: Unarmed           |   139 |    48 |       |       ||   187
       Headbutt          |    15 |    25 |   106 |    21 ||   167
       Punch             |     1 |     1 |     1 |       ||     3
       Hand axe          |       |   115 |   523 |       ||   638
       Broad axe         |       |       |    54 |   131 ||   185
Throw: Dart              |     2 |       |    36 |     5 ||    43
 Cast: Foxfire           |       |     1 |       |       ||     1
  Use: Scroll            |       |     5 |     4 |       ||     9
       Potion            |       |     2 |     4 |       ||     6
 Stab: Sleeping          |     1 |     1 |       |     1 ||     3
  Eat: Chunk             |     2 |     7 |    23 |     9 ||    41
       Ration            |       |       |     1 |       ||     1
Armor: Ring mail         |    54 |    57 |   120 |       ||   231
       Robe              |     1 |       |       |       ||     1
       Acid dragon scale |       |       |    15 |    34 ||    49
Dodge: Dodged            |    91 |   119 |   225 |    71 ||   506

Table legend:
 A = Non-vault XP
 B = Vault XP
 C = Vault XP percentage of total XP
 D = Non-vault monster count
 E = Vault monster count
 F = Vault count percentage of total count
                 A         B        C        D         E       F
            +---------+---------+-------+---------+---------+-------
      Total |    5522 |    4198 |  43.2 |     222 |      42 |  15.9
            +---------+---------+-------+---------+---------+-------
        D:1 |      43 |       0 |   0.0 |      22 |       0 |   0.0
        D:2 |     123 |       1 |   0.8 |      33 |       1 |   2.9
        D:3 |     201 |     166 |  45.2 |      31 |       5 |  13.9
        D:4 |     686 |      18 |   2.6 |      35 |       1 |   2.8
        D:5 |     616 |       0 |   0.0 |      20 |       0 |   0.0
        D:6 |    1223 |    1364 |  52.7 |      34 |       6 |  15.0
        D:7 |    1293 |       0 |   0.0 |      20 |       0 |   0.0
        D:8 |    1252 |    1878 |  60.0 |      23 |       2 |   8.0
        D:9 |      85 |       0 |   0.0 |       4 |       0 |   0.0
    Ossuary |       0 |     771 | 100.0 |       0 |      27 | 100.0
            +---------+---------+-------+---------+---------+-------
